 Dungeon Crawl Stone Soup version 0.27-a0-1232-gc6a4cbde82 (webtiles) character file.

Game seed: 2631396593131421786

118 freelancePsychic the Charlatan (level 5, -2/38 HPs)
             Began as a Human Artificer on June 8, 2021.
             Was an Initiate of Kikubaaqudgha.
             Killed from afar by an orc wizard (7 damage)
             ... with a puff of flame
             ... on level 3 of the Dungeon.
             The game lasted 00:05:27 (3034 turns).

freelancePsychic the Charlatan (Human Artificer)    Turns: 3034, Time: 00:05:28

Health: -2/38      AC:  5    Str: 12    XL:     5   Next: 23%
Magic:  5/5        EV: 10    Int: 12    God:    Kikubaaqudgha [......]
Gold:   97         SH:  0    Dex: 14    Spells: 4/4 levels left

rFire    . . .     SeeInvis .   j - +2 dagger (venom)
rCold    . . .     Faith    .   (no shield)
rNeg     . . .     Spirit   .   l - +0 ring mail
rPois    .         Reflect  .   (no helmet)
rElec    .         Harm     .   (no cloak)
rCorr    .         Rampage  .   (no gloves)
Will     .....                  (no boots)
Stlth    +.........             (no amulet)
HPRegen  0.12/turn              (no ring)
MPRegen  0.09/turn              (no ring)

@: attractive
A: no striking features
a: Renounce Religion


You were on level 3 of the Dungeon.
You worshipped Kikubaaqudgha.
Kikubaaqudgha was noncommittal.
You visited 1 branch of the dungeon, and saw 3 of its levels.

You collected 97 gold pieces.

Inventory:

Hand Weapons
 a - a +0 club
 j - a +2 dagger of venom (weapon)
Armour
 b - a +0 leather armour
 l - a +0 ring mail (worn)
 s - a +0 scale mail
Wands
 c - a wand of flame (7) (quivered)
 d - a wand of charming (10)
Scrolls
 g - a scroll of noise {unknown}
 i - 2 scrolls of identify {unknown}
 n - a scroll of enchant armour {unknown}
 r - a scroll of teleportation {unknown}
Potions
 f - a potion of haste {unknown}
 h - 2 potions of heal wounds {unknown}
 k - a potion of lignification {unknown}
 m - 2 potions of degeneration {unknown}
 o - a potion of curing {unknown}
 p - a potion of attraction
 q - 2 potions of ambrosia {unknown}
 t - a potion of might {unknown}
Miscellaneous
 e - a piece from Xom's chessboard (13/15)


   Skills:
 - Level 2.0 Fighting
 + Level 3.1 Short Blades
 - Level 2.0 Armour
 - Level 1.0 Dodging
 - Level 1.0 Stealth
 - Level 3.9 Evocations


You had 4 spell levels left.
You didn't know any spells.
Your spell library was empty.

Dungeon Overview and Level Annotations

Branches:
Dungeon (3/15)

Altars:
Kikubaaqudgha

Annotations:
D:2 1 runed translucent door, Crazy Yiuf
D:3 1 runed translucent door


Message History

You bump into the rock wall.
The orc priest casts a cantrip, but nothing happens.
It was a potion of attraction.
You feel attractive to monsters.
You hear some strange, mumbled words.
A puff of flame appears from out of thin air!
The puff of flame misses you. Something is pulled toward you!
The orc is pulled toward you! The orc priest is pulled toward you!
You are too confused!
You bump into the rock wall.
You hear some strange, mumbled words.
A magic dart appears from out of thin air!
The magic dart hits you. The orc priest is pulled toward you!
The orc is pulled toward you!
You feel less confused. Something hits you. The orc hits you with a +0 flail.
You hit the orc.
The orc is poisoned.
The orc is heavily wounded.
Something hits you. The orc barely misses you.
You kill the orc!
Kikubaaqudgha accepts your kill. The orc priest is pulled toward you!
The orc is pulled toward you!
You barely miss the orc priest. Something hits you but does no damage.
The orc is pulled toward you!
You barely miss the orc priest. Something hits you but does no damage.
The orc hits you with a +0 falchion. The orc priest closely misses you.
Your ring mail prevents you from hitting the orc priest.
Something hits you.
* * * LOW HITPOINT WARNING * * *
The orc hits you with a +0 falchion.
* * * LOW HITPOINT WARNING * * *
The orc priest looks braver for a moment.
The orc priest is pulled toward you!
You hit the orc priest.
The orc priest is lightly wounded.
You hear some strange, mumbled words.
A puff of flame appears from out of thin air!
The puff of flame hits you!
You die...
Kikubaaqudgha rasps: "You have failed me!
Welcome... death!"

#.# #.# #.# #.# #)#
#.# #.# #.# .# #.###
#.# #.# #.).# #.# #.#
#...###.### #.#
#..{o.....#####.#####
#..o@................
#.#...............##
#.##..............#
#..+..............#
####............###
#............# #.
##............# +.
#.....######### #.
#.....# #.


You could see an orc priest (slow) and an orc.

Vanquished Creatures
  3 adders
  A gnoll (D:2)
  A white imp (D:3)
  3 worms
  4 orcs (D:3)
  6 ball pythons
  6 bats
  9 endoplasms
  2 giant cockroaches (D:2)
  3 goblins
  4 hobgoblins
  4 quokkas
  6 frilled lizards
  2 kobolds
  8 rats
62 creatures vanquished.

Vanquished Creatures (others)
  An adder (D:2)
  A gnoll (D:2)
  A kobold (D:1)
3 creatures vanquished.

Grand Total: 65 creatures vanquished

Notes
Turn   | Place    | Note
-------+----------+-------------------------------------------
     0 | D:1      | freelancePsychic the Human Artificer began the quest for
                  | the Orb.
     0 | D:1      | Reached XP level 1. HP: 15/15 MP: 1/1
   281 | D:1      | Reached XP level 2. HP: 21/21 MP: 2/2
   791 | D:1      | Reached XP level 3. HP: 27/27 MP: 3/3
  1125 | D:2      | Reached skill level 1 in Short Blades
  1709 | D:2      | Reached XP level 4. HP: 14/33 MP: 4/4
  1922 | D:2      | Found an ancient bone altar of Kikubaaqudgha.
  2120 | D:2      | Found a runed translucent door.
  2121 | D:2      | Noticed Crazy Yiuf
  2714 | D:2      | Became a worshipper of Kikubaaqudgha
  2741 | D:3      | Reached XP level 5. HP: 38/38 MP: 5/5
  2819 | D:3      | Found a runed translucent door.
  3034 | D:3      | Killed from afar by an orc wizard

Illustrated notes

Levels and vault maps discovered:
D:1:      lightli_arrival_flooded_house, layout_basic, st_stairs_1
D:2:      layout_basic, basic_altar, minmay_pentomino_x4,
          uniq_crazy_yiuf_cottage
D:3:      layout_basic, gammafunk_ghost_grave, bh_walls_and_bars

Skill      XL: |  1  2  3  4  5 |
---------------+----------------+-----
Fighting       | 2 |  2.0
Short Blades   | 1 2 3 |  3.1
Armour         | |  2.0
Dodging        | |  1.0
Stealth        | |  1.0
Evocations     | |  3.9

Action                   |  1- 3 |  4- 6 || total
-------------------------+-------+-------++-------
Melee: Club              |    37 |       ||    37
       Dagger            |    48 |    90 ||   138
Evoke: Wand              |    13 |       ||    13
       Piece from Xom's  |       |     2 ||     2
  Use: Potion            |       |     1 ||     1
Armor: Leather armour    |    21 |       ||    21
       Ring mail         |     2 |    27 ||    29
Dodge: Dodged            |    61 |    41 ||   102

Table legend: (Time is in decaauts)
 A = Elapsed time spent in this place.
 B = Non-inter-level travel time spent in this place.
 C = Inter-level travel time spent in this place.
 D = Time resting spent in this place.
 E = Time spent auto-exploring this place.
 F = Levels seen in this place.
 G = Mean time per level.
                   A        B        C        D        E       F      G
               +--------+--------+--------+--------+--------+-----+--------+
         Total |   3035 |   2910 |    125 |    169 |   2254 |   3 | 1011.7 |
       Dungeon |   3035 |   2910 |    125 |    169 |   2254 |   3 | 1011.7 |
               +--------+--------+--------+--------+--------+-----+--------+

Top non-repeatable levels by time:
     D:1: 1364 daAuts
     D:2: 1117 daAuts
     D:3: 553 daAuts
